 Dungeon Crawl Stone Soup version 0.29.1-2-gbd0b4ee654 (webtiles) character file.

Game seed: 1323628069312070145

3 Goreval the Sneak (level 1, 0/15 HPs)
             Began as a Naga Enchanter on Nov 17, 2022.
             Slain by an endoplasm (3 damage)
             ... on level 1 of the Dungeon.
             The game lasted 00:00:27 (238 turns).

Goreval the Sneak (Naga Enchanter)                   Turns: 238, Time: 00:00:28

Health: 0/15       AC:  1    Str: 10    XL:     1   Next: 50%
Magic:  3/3        EV:  9    Int: 15    God:
Gold:   12         SH:  0    Dex: 11    Spells: 4/4 levels left

rFire   . . .      SeeInvis +   a - +1 dagger
rCold   . . .      Faith    .   (no shield)
rNeg    . . .      Spirit   .   b - +0 robe
rPois   +          Reflect  .   (no helmet)
rElec   .          Harm     .   (no cloak)
rCorr   .          Rampage  .   (no gloves)
Will    .....                   (no barding)
Stlth   ++........              (no amulet)
HPRegen 0.05/turn               (no ring)
MPRegen 0.08/turn               (no ring)

@: very slow
A: AC +0, large, see invisible, deformed body, poison resistance, slowness 2,
spit poison 1, naga tail 1
a: Spit Poison


You were on level 1 of the Dungeon.
You visited 1 branch of the dungeon, and saw 1 of its levels.

You collected 12 gold pieces.

Inventory:

Hand Weapons
 a - a +1 dagger (weapon)
Missiles
 e - 11 stones
Armour
 b - a +0 robe (worn)
Magical Staves
 f - a staff of death
Scrolls
 g - a scroll of enchant armour {unknown}
 h - a scroll of teleportation {unknown}
Potions
 c - 2 potions of invisibility
 d - a potion of resistance {unknown}


   Skills:
 * Level 1.1 Short Blades
 - Level 1.5 Dodging
 + Level 4.4 Stealth
 + Level 2.0 Spellcasting
 * Level 3.1 Hexes


You had 4 spell levels left.
You didn't know any spells.
Your spell library contained the following spells:

 Spells                   Type           Power      Damage    Failure   Level
 Ensorcelled Hibernation  Hex/Ice        12%        N/A       19%         2
 Confusing Touch          Hex            10%        N/A       19%         3
 Tukima's Dance           Hex            10%        N/A       19%         3
 Dazzling Flash           Conj/Hex       12%        N/A       34%         3


Dungeon Overview and Level Annotations

Branches:
Dungeon (1/15)

Altars:


Innate Abilities, Weirdness & Mutations

Your serpentine skin is tough. (AC +0)
You have supernaturally acute eyesight. (SInv)
Armour fits poorly on your strangely shaped body.
Your system is resistant to poisons. (rPois)
You cover ground very slowly.
You can spit poison.
You have a snake-like lower body.


Message History

No target in view!
No target in view!
No target in view!
No target in view!
No target in view!
No target in view!
No target in view!
No target in view!
No target in view!
No target in view!
No target in view!
No target in view!
No target in view!
No target in view!
No target in view!
No target in view!
No target in view!
No target in view!
No target in view!
No target in view!
No target in view!
You see here a rat corpse.
Found a sling.
You see here a +0 sling.
An endoplasm and a goblin come into view.
The endoplasm quivers.
The goblin shouts!
The goblin moves out of view.
An endoplasm is nearby!
An endoplasm is nearby!
An endoplasm is nearby!
The goblin closely misses you. The goblin hits you with a +0 club.
The goblin attacks as you move away! The goblin hits you with a +0 club.
The endoplasm attacks as you move away! The endoplasm completely misses you.
The endoplasm jiggles.
You hit the endoplasm but do no damage. The endoplasm hits you.
* * * LOW HITPOINT WARNING * * *
A quokka comes into view.
You hit the endoplasm. The endoplasm hits you.
You die...

### ..## ### #
#.###..... #.
#@Jg...r..
#.###.#.######
#...##.# #.# ##.###.#
#.# # #.# #.# #.# .#
#.# #.# #.# ##.# #.#
#.# #.##...# #)# #.#
#.#...##
#.###.#######......##


You could see an endoplasm, a quokka and a goblin.

Vanquished Creatures
  A ball python (D:1)
  A frilled lizard (D:1)
  2 rats (D:1)
4 creatures vanquished.

Notes
Turn   | Place    | Note
-------+----------+-------------------------------------------
     0 | D:1      | Goreval the Naga Enchanter began the quest for the Orb.
     0 | D:1      | Reached XP level 1. HP: 15/15 MP: 3/3
   238 | D:1      | Slain by an endoplasm

Illustrated notes

Levels and vault maps discovered:
D:1:      spicycebolla_green_bress_n_ham, layout_loops_ring,
          hellmonk_ecumenical_altar_lost_god, nrook_mini_vaults,
          hangedman_abyss_or_decor_stabs

Action                   || total
-------------------------++-------
Melee: Dagger            ||     7
 Abil: Spit Poison       ||     1
 Stab: Sleeping          ||     2
Dodge: Dodged            ||     3
